 Dungeon Crawl Stone Soup version 0.21.1-1-g345015f (webtiles) character file.

214 equizz the Chiller (level 5, 0/35 HPs)
             Began as a Merfolk Ice Elementalist on Mar 21, 2018.
             Killed from afar by an orc wizard (3 damage)
             ... with a magic dart
             ... on level 5 of the Dungeon on Mar 26, 2018.
             The game lasted 00:35:20 (2669 turns).

equizz the Chiller (Merfolk Ice Elementalist)       Turns: 2669, Time: 00:35:24

Health: 0/35       AC:  8    Str:  8    XL:     5   Next: 92%
Magic:  0/9        EV: 13    Int: 16    God:
Gold:   176        SH:  0    Dex: 14    Spells: 0/10 levels left

rFire    . . .     SeeInvis .   p - +0 spear
rCold    . . .     Gourm    +   (no shield)
rNeg     . . .     Faith    .   a - +1 robe
rPois    .         Spirit   .   (no helmet)
rElec    .         Reflect  .   (no cloak)
rCorr    .         Harm     .   (no gloves)
MR       .....                  (no boots)
Stlth    ++........             m - amulet of the gourmand
HPRegen  0.11/turn              (no ring)
MPRegen  0.11/turn              (no ring)

@: icy armour, very slightly contaminated, slow
A: change form in water, swift swim, stealthy swim
a: no special abilities


You were on level 5 of the Dungeon.
You were not hungry.

You visited 1 branch of the dungeon, and saw 5 of its levels.

You collected 176 gold pieces.

Inventory:

Hand Weapons
 l - a +1 dagger of flaming
 p - a +0 spear (weapon)
Missiles
 k - 4 tomahawks (quivered)
Armour
 a - a +1 robe (worn)
Jewellery
 m - an amulet of the gourmand (around neck)
Scrolls
 d - 4 scrolls of remove curse
 f - 4 scrolls of teleportation
Potions
 c - a potion of curing
 e - 2 potions of lignification
 i - a potion of magic
Books
 b - a book of Frost

   Spells                             Type                      Level
   a - Freeze                         Ice                          1
   b - Throw Frost                    Conjuration/Ice              2
   c - Ozocubu's Armour               Charms/Ice                   3
   d - Throw Icicle                   Conjuration/Ice              4
   e - Summon Ice Beast               Ice/Summoning                4
Comestibles
 j - 5 rations


   Skills:
 + Level 0.1 Fighting
 + Level 1.3 Short Blades
 + Level 0.4 Throwing
 + Level 3.1 Dodging
 + Level 2.3 Stealth
 + Level 3.1 Spellcasting
 + Level 0.9 Conjurations
 + Level 1.0 Charms
 + Level 5.6 Ice Magic


You couldn't memorise any spells.
You knew the following spells:

 Your Spells              Type           Power        Failure   Level  Hunger
a - Freeze                Ice            ###.         1%          1    None
b - Throw Frost           Conj/Ice       ##....       8%          2    ##.....
c - Ozocubu's Armour      Chrm/Ice       ##......     14%         3    ###....
d - Throw Icicle          Conj/Ice       ##......     43%         4    ####...


Dungeon Overview and Level Annotations

Branches:
Dungeon (6/15)
 Temple: D:4-7

Altars:


Message History

Deactivating autopickup; reactivate with Ctrl-A.
You hit the orc wizard.
You kill the orc wizard!
Attack whom?
Press: ? - help, Dir - move target cursor, f - orc wizard
Aim: an orc wizard, wielding a dagger and wearing a robe You reach to attack!
You closely miss the orc wizard.
You hear some strange, mumbled words.
A magic dart appears from out of thin air!
The magic dart hits you!
The orc wizard hits you but does no damage.
Something hits you but does no damage.
You closely miss something. The orc wizard casts a spell at you.
The puff of frost hits you!
* * * LOW HITPOINT WARNING * * *
You hear some strange, mumbled words.
A magic dart appears from out of thin air!
The magic dart hits you!
You die...

#........#...........#
#........#...........#
#........#...........#
#........#...........#
#........#...........#
#........+...........#
#....o...########'####
#####o#.............#
#..)@#..ooo........#
#....#....o........#
#....# ..o(......#
#....+ .o........#
#....# ..<.......+
#...## ..........#
####


You could see an orc wizard and an orc.

Vanquished Creatures
  2 crimson imps (D:5)
  An orc wizard (D:5)
  3 adders
  An ooze (D:1)
  A dart slug (D:1)
  A leopard gecko (D:2)
  5 orcs (D:3)
  5 giant cockroaches
  10 goblins
  5 hobgoblins
  7 jackals
  7 kobolds
  2 quokkas (D:3)
  5 bats
  2 frilled lizards
  6 rats
63 creatures vanquished.

Vanquished Creatures (others)
  An orc wizard (D:5)
1 creature vanquished.

Grand Total: 64 creatures vanquished

Notes
Turn   | Place    | Note
-------+----------+-------------------------------------------
     0 | D:1      | equizz the Merfolk Ice Elementalist began the quest for the Orb.
     0 | D:1      | Reached XP level 1. HP: 13/13 MP: 3/3
   120 | D:1      | Reached XP level 2. HP: 9/19 MP: 3/5
   422 | D:1      | Reached skill level 4 in Ice Magic
   522 | D:1      | Reached XP level 3. HP: 24/24 MP: 2/6
   856 | D:1      | Learned a level 2 spell: Throw Frost
   860 | D:1      | Learned a level 3 spell: Ozocubu's Armour
  1472 | D:3      | Reached XP level 4. HP: 28/30 MP: 3/8
  1795 | D:3      | You fall through a shaft for 3 floors!
  1806 | D:6      | Noticed a bullfrog
  2028 | D:5      | Entered Level 5 of the Dungeon
  2050 | D:5      | Reached skill level 1 in Short Blades
  2050 | D:5      | Reached XP level 5. HP: 28/35 MP: 4/9
  2223 | D:5      | Reached skill level 5 in Ice Magic
  2230 | D:5      | Noticed an ice beast
  2607 | D:5      | Learned a level 4 spell: Throw Icicle
  2664 | D:5      | Reached skill level 1 in Charms
  2669 | D:5      | Killed from afar by an orc wizard

Skill      XL: |  1  2  3  4  5 |
---------------+----------------+-----
Ice Magic      | 4 5 |  5.6
Dodging        | 3 |  3.1
Short Blades   | 1 |  1.3
Spellcasting   | 3 |  3.1
Charms         | 1 |  1.0
Fighting       | |  0.1
Throwing       | |  0.4
Stealth        | |  2.3
Conjurations   | |  0.9

Action                   |  1- 3 |  4- 6 || total
-------------------------+-------+-------++-------
Melee: Unarmed           |    23 |       ||    23
       Tailslap          |     1 |       ||     1
       Short sword       |    30 |       ||    30
       Dagger            |       |    36 ||    36
       Spear             |       |    17 ||    17
Throw: Tomahawk          |     1 |    22 ||    23
 Cast: Freeze            |    60 |    28 ||    88
       Throw Frost       |       |     2 ||     2
       Ozocubu's Armour  |       |     2 ||     2
  Use: Scroll            |     3 |     4 ||     7
  Eat: Ration            |     1 |     1 ||     2
       Chunk             |       |     2 ||     2
Armor: Robe              |    12 |    18 ||    30
Dodge: Dodged            |    60 |    41 ||   101
